 Dungeon Crawl Stone Soup version 0.26-a0-738-g91b530ce93 (webtiles) character file.

Game seed: 2117435183163030432

284 Queen the Chopper (level 6, 0/52 HPs)
             Began as a Draconian Fighter on Nov 5, 2020.
             Succumbed to a killer bee's poison
             ... on level 3 of the Dungeon.
             The game lasted 00:05:44 (3205 turns).

Queen the Chopper (Draconian Fighter)               Turns: 3205, Time: 00:05:45

Health: 0/52       AC:  8    Str: 21    XL:     6   Next: 7%
Magic:  6/6        EV: 11    Int:  8    God:
Gold:   195        SH:  9    Dex: 10    Spells: 5/5 levels left

rFire    . . .     SeeInvis .   a - +0 war axe
rCold    . . .     Faith    .   b - +0 kite shield
rNeg     . . .     Spirit   .   (armour unavailable)
rPois    .         Reflect  .   (helmet restricted)
rElec    .         Harm     .   (no cloak)
rCorr    +         Rampage  .   (no gloves)
MR       .....                  l - +1 pair of boots
Stlth    +.........             p - amulet of regeneration
HPRegen  0.57/turn              n - ring of resist corrosion
MPRegen  0.10/turn              (no ring)

@: lethally poisoned (0 -> -2)
A: unfitting armour, cold-blooded, AC +6
a: no special abilities


You were on level 3 of the Dungeon.
You visited 1 branch of the dungeon, and saw 4 of its levels.

You collected 195 gold pieces.

Inventory:

Hand Weapons
 a - a +0 war axe (weapon)
Armour
 b - a +0 kite shield (worn)
 l - a +1 pair of boots (worn)
Jewellery
 n - a ring of resist corrosion (left hand)
 p - an amulet of regeneration (around neck)
Scrolls
 g - 2 scrolls of magic mapping
 i - 3 scrolls of remove curse
 m - 2 scrolls of amnesia
 o - a scroll of teleportation
 q - a scroll of noise {unknown}
 r - a scroll of enchant weapon {unknown}
 s - a scroll of fear {unknown}
 t - a scroll of enchant armour {unknown}
Potions
 c - a potion of might
 e - 2 potions of brilliance
 h - 3 potions of heal wounds {unknown}
 j - a potion of flight {unknown}
 k - 3 potions of degeneration {unknown}
 u - a potion of ambrosia {unknown}


   Skills:
 * Level 4.1 Fighting
 + Level 4.5 Axes
 + Level 3.5 Dodging
 + Level 4.2 Shields


You had 5 spell levels left.
You didn't know any spells.
Your spell library was empty.

Dungeon Overview and Level Annotations

Branches:
Dungeon (4/15)
 Temple: D:4-7

Altars:
Makhleb


Innate Abilities, Weirdness & Mutations

Your plain brown scales are hard. (AC +6)
You cannot fit into any form of body armour.
You are cold-blooded and may be slowed by cold attacks.


Message History

You block the killer bee's attack. x2
You feel sick.
The killer bee stings you but does no damage.
You block the killer bee's attack. x2; The killer bee stings you.
* * * LOW HITPOINT WARNING * * *
You feel sick. You block the killer bee's attack. The killer bee stings you.
* * * LOW HITPOINT WARNING * * *
There is a stone staircase leading down here.
You feel sick. The killer bee closely misses you.
You block the killer bee's attack. The killer bee closely misses you.
There is a stone staircase leading up, spattered with blood here.
You feel sick. You block the killer bee's attack.
The killer bee closely misses you.
The killer bee stings you but does no damage. x2
The killer bee barely misses you. The killer bee stings you!
* * * LOW HITPOINT WARNING * * *
The killer bee misses you. The killer bee stings you.
* * * LOW HITPOINT WARNING * * *
You climb upwards.
You die...

####### #.....#
################y###.#
...............y@y...#
#############..y.#####
#########.####
#.........####### #
#.........'.....## #
#.........#####..# #
#................# #
#................# #
#.........#####..#


You could see 4 killer bees.

Vanquished Creatures
  A hound (D:4)
  Jessica (D:2)
  4 gnolls (D:2)
  A howler monkey skeleton (D:4)
  7 adders
  An adder skeleton (D:4)
  4 worms
  A leopard gecko (D:1)
  13 orcs
  A ball python (D:1)
  6 giant cockroaches
  9 goblins
  5 hobgoblins
  6 jackals (D:3)
  13 kobolds
  2 quokkas
  A ball python skeleton (D:4)
  6 bats
  A frilled lizard (D:1)
  10 rats
93 creatures vanquished.

Notes
Turn   | Place    | Note
-------+----------+-------------------------------------------
     0 | D:1      | Queen the Draconian Fighter began the quest for the Orb.
     0 | D:1      | Reached XP level 1. HP: 19/19 MP: 1/1
   248 | D:1      | Reached XP level 2. HP: 26/26 MP: 2/2
   765 | D:2      | Reached XP level 3. HP: 31/31 MP: 3/3
  1158 | D:2      | Reached XP level 4. HP: 10/39 MP: 4/4
  1899 | D:2      | Found a burning altar of Makhleb.
  1970 | D:2      | Noticed Jessica
  1975 | D:2      | Killed Jessica
  2033 | D:2      | Reached XP level 5. HP: 38/46 MP: 5/5
  2990 | D:4      | Reached XP level 6. HP: 52/52 MP: 6/6
  3204 | D:4      | HP: 1/52 [killer bee (2)]
  3205 | D:3      | Succumbed to a killer bee's poison

Illustrated notes

Levels and vault maps discovered:
D:1:      lemuel_arrival_room, layout_basic
D:2:      layout_basic, lemuel_doored_altar, uniq_jessica
D:3:      layout_basic, due_unseen_surprise
D:4:      layout_rooms

Skill      XL: |  1  2  3  4  5 |
---------------+----------------+-----
Dodging        | 3 |  3.5
Axes           | 3 4 |  4.5
Shields        | 4 |  4.2
Fighting       | 4 |  4.1

Action                   |  1- 3 |  4- 6 || total
-------------------------+-------+-------++-------
Melee: War axe           |   108 |   185 ||   293
       Tailslap          |     9 |    16 ||    25
  Use: Scroll            |       |     5 ||     5
       Potion            |       |     1 ||     1
 Stab: Sleeping          |       |     1 ||     1
Armor: Skin              |    26 |    79 ||   105
Dodge: Dodged            |    56 |    96 ||   152
Block: Kite shield       |    58 |   127 ||   185

Table legend: (Time is in decaauts)
 A = Elapsed time spent in this place.
 B = Non-inter-level travel time spent in this place.
 C = Inter-level travel time spent in this place.
 D = Time resting spent in this place.
 E = Time spent auto-exploring this place.
 F = Levels seen in this place.
 G = Mean time per level.
                   A        B        C        D        E       F      G
               +--------+--------+--------+--------+--------+-----+--------+
         Total |   3332 |   3220 |    112 |    622 |   1821 |   4 |  833.0 |
       Dungeon |   3332 |   3220 |    112 |    622 |   1821 |   4 |  833.0 |
               +--------+--------+--------+--------+--------+-----+--------+

Top non-repeatable levels by time:
     D:1: 1270 daAuts
     D:2: 1066 daAuts
     D:3: 681 daAuts
     D:4: 312 daAuts
